[Event "1st Capablanca Memorial 2017"]
[Site "Heraklion"]
[Date "2017.04.18"]
[Round "1"]
[White "Vuelban, Virgilio"]
[Black "Balokas, Dimitrios"]
[Result "1/2-1/2"]
[ECO "E44"]
[WhiteElo "2257"]
[BlackElo "2184"]
[Annotator "ChessBase"]
[PlyCount "71"]
[EventDate "2017.??.??"]
[EventType "tourn"]
[EventCountry "GRE"]
[SourceTitle "playchess.com"]
[Source "ChessBase"]
[SourceQuality "1"]
[TimeControl "40/5400+30:1800+30"]

1. d4 Nf6 2. c4 e6 3. Nc3 Bb4 4. e3 b6 5. Nge2 Bb7 6. a3 Bf8 7. d5 exd5 8. cxd5 g6 9. g3 Bg7 10. Bg2 O-O 11. O-O c5 12. e4 d6 13. h3 Re8 14. Bf4 Nh5 15. Be3 a6 16. a4 Nd7 17. g4 Nhf6 18. Ng3 Ne5 19. Qe2 c4 20. g5 Nfd7 21. Qc2 Rc8 22. Nge2 Nc5 23. Nd4 Ned3 24. f4 Rc7 25. Rab1 Rce7 26. Nc6 Bxc6 27. dxc6 Nxe4 28. Nd5 Ng3 29. Nxe7+ Rxe7 30. Qxc4 Rxe3 31. c7 Qc8 32. Rf3 Rxf3 33. Bxf3 Nc5 34. b4 Qxc7 35. bxc5 dxc5 36. Rd1 1/2-1/2

[Event "1st Capablanca Memorial 2017"]
[Site "Heraklion"]
[Date "2017.04.18"]
[Round "1"]
[White "Tsakiris, Haralambos"]
[Black "Langrock, Hannes"]
[Result "1/2-1/2"]
[ECO "C06"]
[WhiteElo "2250"]
[BlackElo "2387"]
[Annotator "ChessBase"]
[PlyCount "98"]
[EventDate "2017.??.??"]
[EventType "tourn"]
[EventCountry "GRE"]
[SourceTitle "playchess.com"]
[Source "ChessBase"]
[SourceQuality "1"]
[TimeControl "40/5400+30:1800+30"]

1. e4 e6 2. d4 d5 3. Nd2 Nf6 4. e5 Nfd7 5. Bd3 c5 6. c3 Nc6 7. Ne2 cxd4 8. cxd4 f6 9. exf6 Nxf6 10. Nf3 Bd6 11. O-O Qc7 12. h3 O-O 13. Be3 Bd7 14. Re1 Be8 15. Ng5 Bf7 16. Rc1 Kh8 17. a3 Rae8 18. b4 Qb8 19. Qd2 Bg8 20. f4 Ne7 21. Nf3 Rc8 22. Ne5 Rxc1 23. Rxc1 Rc8 24. Rxc8 Qxc8 25. Qc2 Qe8 26. Nc3 a6 27. b5 Bxa3 28. Qb3 Bd6 29. bxa6 bxa6 30. Qb6 Qb8 31. Qxa6 Nf5 32. Bxf5 exf5 33. Nb5 Ne4 34. Bf2 Be7 35. Be1 Nd6 36. Nxd6 Qxd6 37. Qc8 Qe6 38. Qxe6 Bxe6 39. Bd2 Kg8 40. Kf2 Bd6 41. Nd3 Bd7 42. Kf3 Bb5 43. Nf2 Ba4 44. g4 Bc2 45. Ke3 Kf7 46. Nh1 h6 47. Nf2 Ke6 48. Kf3 Be4+ 49. Kg3 Bc2 1/2-1/2

[Event "1st Capablanca Memorial 2017"]
[Site "Heraklion"]
[Date "2017.04.18"]
[Round "1"]
[White "Vanheirzeele, Daniel"]
[Black "Triantos, Konstantinos"]
[Result "0-1"]
[ECO "E08"]
[WhiteElo "2146"]
[BlackElo "2051"]
[Annotator "RC"]
[PlyCount "52"]
[EventDate "2017.??.??"]
[EventType "tourn"]
[EventCountry "GRE"]
[SourceTitle "playchess.com"]
[Source "ChessBase"]
[SourceQuality "1"]
[TimeControl "40/5400+30:1800+30"]

1. d4 Nf6 2. c4 e6 3. g3 d5 4. Nf3 Be7 5. Bg2 O-O 6. O-O c6 7. Qc2 b6 8. b3 Nbd7 9. Rd1 Bb7 10. Nc3 Ba6 11. Nd2 b5 12. e4 bxc4 13. bxc4 dxc4 14. Qa4 Bb5 15. Nxb5 Nb6 16. Qa5 cxb5 17. Qxb5 Qxd4 18. Bb2 c3 19. Nb3 Qb4 20. Qxb4 Bxb4 21. Bc1 c2 22. Rf1 Bc3 23. Ba3 Bxa1 24. Bxf8 Bb2 25. Bb4 Rd8 26. Bf3 Rd3 0-1

[Event "1st Capablanca Memorial 2017"]
[Site "Heraklion"]
[Date "2017.04.19"]
[Round "3"]
[White "Taylor, Adam C"]
[Black "Vanheirzeele, Daniel"]
[Result "1/2-1/2"]
[ECO "A13"]
[WhiteElo "2231"]
[BlackElo "2146"]
[Annotator "ChessBase"]
[PlyCount "80"]
[EventDate "2017.??.??"]
[EventType "tourn"]
[EventCountry "GRE"]
[SourceTitle "playchess.com"]
[Source "ChessBase"]
[SourceQuality "1"]
[TimeControl "40/5400+30:1800+30"]

1. c4 Nf6 2. g3 e6 3. Bg2 d5 4. Nf3 dxc4 5. Qa4+ Nbd7 6. Qxc4 c5 7. Qb3 Rb8 8. a4 b6 9. O-O Bb7 10. d3 Bd6 11. Na3 a6 12. Bd2 O-O 13. Rfc1 Qe7 14. Nc4 Bc7 15. Qc2 Ne8 16. Qb1 Nd6 17. Bf4 f6 18. b4 e5 19. Bd2 Nxc4 20. Rxc4 Bd5 21. Rc1 Bd6 22. b5 a5 23. Bc3 Qf7 24. Nd2 Bxg2 25. Kxg2 Bc7 26. Qa2 Rfd8 27. g4 Nf8 28. Qxf7+ Kxf7 29. Kf3 Ne6 30. Ne4 Nd4+ 31. Bxd4 exd4 32. h4 Rd5 33. Rh1 h5 34. Rag1 hxg4+ 35. Rxg4 Rf5+ 36. Kg2 Rh8 37. Ng3 Bxg3 38. Kxg3 Re8 39. Re1 Rfe5 40. Kf3 Rf5+ 1/2-1/2

[Event "1st Capablanca Memorial 2017"]
[Site "Heraklion"]
[Date "2017.04.19"]
[Round "4"]
[White "Langrock, Hannes"]
[Black "Vuelban, Virgilio"]
[Result "1-0"]
[ECO "D02"]
[WhiteElo "2387"]
[BlackElo "2257"]
[Annotator "RC"]
[PlyCount "87"]
[EventDate "2017.??.??"]
[EventType "tourn"]
[EventCountry "GRE"]
[SourceTitle "playchess.com"]
[Source "ChessBase"]
[SourceQuality "1"]
[TimeControl "40/5400+30:1800+30"]

1. d4 e6 2. Bf4 d5 3. e3 Bd6 4. Bg3 Nf6 5. Nd2 O-O 6. Bd3 c5 7. c3 Nc6 8. Ngf3 Qe7 9. Ne5 Qc7 10. f4 Nd7 11. O-O f5 12. Kh1 Nf6 13. Bh4 Bd7 14. h3 c4 15. Bc2 b5 16. g4 Ne4 17. gxf5 exf5 18. Nxe4 fxe4 19. Nxd7 Qxd7 20. Qg4 Qxg4 21. hxg4 h6 22. Kg2 a5 23. b3 Rab8 24. bxc4 bxc4 25. Rab1 Ne7 26. Bxe7 Bxe7 27. Ba4 Kf7 28. f5 Bg5 29. Bc6 Ke7 30. Bxd5 Bxe3 31. Rbe1 Bd2 32. Rxe4+ Kd6 33. Bxc4 Rf6 34. Rf3 Rc8 35. Re2 Rxc4 36. Rxd2 Kd5 37. Rb2 Ra4 38. Rb5+ Kc6 39. Rc5+ Kd7 40. Rf2 Rb6 41. Kg3 Ra3 42. Kh4 Ke7 43. Kh5 Kf7 44. Re2 1-0

[Event "1st Capablanca Memorial 2017"]
[Site "Heraklion"]
[Date "2017.04.19"]
[Round "4"]
[White "Hristodoulou, Panagiotis"]
[Black "Balokas, Dimitrios"]
[Result "0-1"]
[ECO "B46"]
[WhiteElo "2278"]
[BlackElo "2184"]
[Annotator "NA"]
[PlyCount "67"]
[EventDate "2017.??.??"]
[EventType "tourn"]
[EventCountry "GRE"]
[SourceTitle "playchess.com"]
[Source "ChessBase"]
[SourceQuality "1"]
[TimeControl "40/5400+30:1800+30"]

1. Nf3 d5 2. g3 Nf6 3. Bg2 c6 4. O-O Bf5 5. b3 h6 6. Bb2 e6 7. c4 {[%emt 0:03:25] LiveBook: 284 Games} Be7 8. d4 O-O 9. Nc3 Nbd7 10. cxd5 {[%emt 0:00:47] D11: Slav Defence: 3 Nf3 sidelines and 3...Nf6 4 e3 Bg4} cxd5 11. Ne5 Rc8 12. a3 Qb6 $146 (12... a6 13. e3 Qb6 14. Nxd7 Nxd7 15. g4 Bg6 16. f4 f5 17. h3 Nf6 {0-1 (35) Tejero Royo,F (2220)-Campos Moreno,J (2490) Zaragoza 1999}) 13. b4 Qd6 14. Qb3 Nb6 15. Rac1 Bh7 16. Na4 Nxa4 17. Qxa4 a6 18. e3 Ne4 19. Rfd1 f6 20. Nf3 b5 21. Qb3 Qb6 22. Bf1 Nd6 23. Ne1 Nc4 24. Bc3 Be4 25. Bd3 (25. Nd3 $11) 25... Bxd3 26. Nxd3 a5 27. a4 bxa4 28. Qxa4 axb4 29. Bxb4 Ra8 30. Qb3 Rfb8 31. Rb1 Bxb4 32. Qxb4 Qxb4 33. Rxb4 Rxb4 34. Nxb4 $11 0-1

[Event "1st Capablanca Memorial 2017"]
[Site "Heraklion"]
[Date "2017.04.19"]
[Round "4"]
[White "Tsakiris, Haralambos"]
[Black "Taylor, Adam C"]
[Result "1/2-1/2"]
[ECO "C55"]
[WhiteElo "2250"]
[BlackElo "2231"]
[Annotator "ChessBase"]
[PlyCount "58"]
[EventDate "2017.??.??"]
[EventType "tourn"]
[EventCountry "GRE"]
[SourceTitle "playchess.com"]
[Source "ChessBase"]
[SourceQuality "1"]
[TimeControl "40/5400+30:1800+30"]

1. e4 d6 2. d4 g6 3. Nc3 Bg7 4. Be3 Nf6 5. Be2 c6 6. f4 O-O 7. e5 dxe5 8. dxe5 Nd5 9. Nxd5 cxd5 10. Nf3 Nc6 11. O-O f6 12. exf6 exf6 13. Nd4 Re8 14. Nxc6 bxc6 15. Bd4 Qd6 16. Bf3 Ba6 17. Rf2 Rad8 18. Bxa7 d4 19. Bb6 Rd7 20. b4 f5 21. Bc5 Qe6 22. Rc1 Bb5 23. a4 Bxa4 24. Re2 Qf7 25. Rxe8+ Qxe8 26. Qd2 Bf6 27. Re1 Qf7 28. Be2 Kg7 29. Bd3 Be7 1/2-1/2

[Event "1st Capablanca Memorial 2017"]
[Site "Heraklion"]
[Date "2017.04.19"]
[Round "4"]
[White "Vanheirzeele, Daniel"]
[Black "Ivanov, Mikhail M"]
[Result "1/2-1/2"]
[ECO "A57"]
[WhiteElo "2146"]
[BlackElo "2421"]
[Annotator "TA"]
[PlyCount "58"]
[EventDate "2017.??.??"]
[EventType "tourn"]
[EventCountry "GRE"]
[SourceTitle "playchess.com"]
[Source "ChessBase"]
[SourceQuality "1"]
[TimeControl "40/5400+30:1800+30"]

1. e4 c5 2. Nf3 Nc6 3. d4 cxd4 4. Nxd4 e5 5. Nb3 Nf6 6. Nc3 Bb4 7. Bc4 O-O 8. O-O Bxc3 9. bxc3 Nxe4 10. Ba3 d6 11. Qf3 Nf6 12. h3 Be6 13. Be2 Qc7 14. Rfd1 Rfd8 15. c4 Rac8 16. Rd2 a5 17. Rad1 a4 18. Nc1 Nd4 19. Rxd4 exd4 20. Rxd4 d5 21. cxd5 Bxd5 22. Qf5 Qxc2 23. Bd3 Qc3 24. Rg4 Be6 25. Rxg7+ Kxg7 26. Qg5+ Kh8 27. Ne2 Qa1+ 28. Kh2 Rxd3 29. Be7 Ng8 1/2-1/2

[Event "1st Capablanca Memorial 2017"]
[Site "Heraklion"]
[Date "2017.04.19"]
[Round "4"]
[White "Triantos, Konstantinos"]
[Black "Anagnostopoulos, Konstantinos"]
[Result "1/2-1/2"]
[ECO "C79"]
[WhiteElo "2051"]
[BlackElo "2201"]
[Annotator "RC"]
[PlyCount "144"]
[EventDate "2017.??.??"]
[EventType "tourn"]
[EventCountry "GRE"]
[SourceTitle "playchess.com"]
[Source "ChessBase"]
[SourceQuality "1"]
[TimeControl "40/5400+30:1800+30"]

1. e4 e5 2. Nf3 Nc6 3. Bb5 a6 4. Ba4 d6 5. O-O Nf6 6. d4 b5 7. dxe5 Nxe5 8. Nxe5 bxa4 9. Nd3 Bg4 10. f3 Be6 11. Be3 Be7 12. Nd2 O-O 13. c4 Qe8 14. Rc1 Nh5 15. Nb4 Bd8 16. Re1 Rb8 17. a3 Qd7 18. c5 a5 19. c6 Qc8 20. Nd5 Nf6 21. Qxa4 Bxd5 22. exd5 Nxd5 23. Bd4 Qf5 24. Ne4 Nf4 25. Qc2 Qg6 26. Qd2 f5 27. Qxf4 fxe4 28. Qxe4 Qxe4 29. Rxe4 Bf6 30. Bxf6 Rxf6 31. Rc2 Kf8 32. Kf2 Rb6 33. Ra4 Rf5 34. b4 axb4 35. axb4 Rb8 36. Ra7 Rf7 37. Rb7 Ra8 38. b5 Ke8 39. Re2+ Kf8 40. Rd2 Rc8 41. b6 cxb6 42. Rxd6 Rfc7 43. Rxb6 Ke7 44. Rd7+ Rxd7 45. cxd7 Rc2+ 46. Kg3 Rd2 47. Rb7 Kf6 48. Kf4 h6 49. Ke4 g6 50. Ke3 Rd1 51. h4 Rd5 52. g4 Rd1 53. f4 h5 54. gxh5 gxh5 55. Ke4 Rd2 56. Rb6+ Kg7 57. Kf5 Rxd7 58. Kg5 Rd1 59. Rb7+ Kg8 60. Kxh5 Rg1 61. f5 Rg2 62. Rb4 Kf7 63. Rg4 Ra2 64. Kg5 Ra8 65. h5 Rg8+ 66. Kf4 Rh8 67. Rh4 Kf6 68. h6 Rh7 69. Rh2 Rh8 70. h7 Rxh7 71. Rb2 Rh4+ 72. Kg3 Ra4 1/2-1/2

[Event "1st Capablanca Memorial 2017"]
[Site "Heraklion"]
[Date "2017.04.20"]
[Round "5"]
[White "Taylor, Adam C"]
[Black "Triantos, Konstantinos"]
[Result "1-0"]
[ECO "A36"]
[WhiteElo "2231"]
[BlackElo "2051"]
[Annotator "TA"]
[PlyCount "87"]
[EventDate "2017.??.??"]
[EventType "tourn"]
[EventCountry "GRE"]
[SourceTitle "playchess.com"]
[Source "ChessBase"]
[SourceQuality "1"]
[TimeControl "40/5400+30:1800+30"]

1. Nf3 c5 2. g3 g6 3. c4 Bg7 4. Nc3 Nc6 5. Bg2 e6 6. O-O Nge7 7. d3 O-O 8. e4 d6 {[%emt 0:03:25] LiveBook: 41 Games} 9. Be3 Nd4 {[%emt 0:14:19] A36: Symmetrical English vs ...g6: 4 Bg2 Bg7} 10. Rc1 $146 (10. Rb1 Nec6 11. a3 Rb8 12. Ne2 Nxf3+ 13. Bxf3 Bxb2 14. Rxb2 Qf6 15. d4 Qxf3 16. Nc3 Qf6 17. e5 {0-1 (58) Kovalev,D (2481)-Khismatullin,D (2664) Moscow 2012}) 10... Nec6 11. a3 a6 12. b4 Bd7 13. Bxd4 Nxd4 14. Nxd4 Bxd4 15. Qb3 Rb8 16. Ne2 Bf6 17. Rfd1 b5 18. cxb5 cxb4 19. e5 Bxe5 20. d4 Bxb5 21. dxe5 Bxe2 22. Rd2 $1 bxa3 23. Qxa3 Bb5 24. exd6 Qf6 25. d7 Rfd8 26. Bc6 Bxc6 27. Rxc6 Rb7 28. Rcd6 Qe7 29. Qxa6 Rc7 30. Qd3 Qf6 31. Rd1 Qc3 32. Qe4 Qc2 33. Qe3 Qc5 34. Qd2 Qb5 35. h4 h5 36. Qd4 Kh7 37. Kg2 Qb7+ 38. Kh2 Qf3 39. Rd3 Qb7 40. Qa4 Rc1 41. Rd1 Rc5 42. Qf4 Rf5 43. Qe3 Rd5 $2 (43... Rf3 $11 44. Qd4 Rb3) 44. R1xd5 $18 1-0

[Event "1st Capablanca Memorial 2017"]
[Site "Heraklion"]
[Date "2017.04.21"]
[Round "5"]
[White "Anagnostopoulos, Konstantinos"]
[Black "Hristodoulou, Panagiotis"]
[Result "0-1"]
[ECO "D31"]
[WhiteElo "2201"]
[BlackElo "2278"]
[Annotator "RC"]
[PlyCount "114"]
[EventDate "2017.??.??"]
[EventType "tourn"]
[EventCountry "GRE"]
[SourceTitle "playchess.com"]
[Source "ChessBase"]
[SourceQuality "1"]
[TimeControl "40/5400+30:1800+30"]

1. d4 d5 2. c4 e6 3. Nc3 c6 4. e4 dxe4 5. Nxe4 Bb4+ 6. Bd2 Qxd4 7. Bxb4 Qxe4+ 8. Be2 a5 9. Bc3 Ne7 10. Nf3 O-O 11. O-O f6 12. Re1 Qf4 13. Bd3 c5 14. Qc2 g6 15. Re4 Qc7 16. Rae1 Nbc6 17. Rxe6 Bxe6 18. Rxe6 Rad8 19. Qe2 Rd6 20. h4 Qd7 21. Rxd6 Qxd6 22. h5 Rd8 23. Bc2 Nb4 24. hxg6 hxg6 25. Bb3 Kf7 26. Qe4 Qd3 27. Qh4 Qb1+ 28. Kh2 g5 29. Qh5+ Qg6 30. Qxg6+ Nxg6 31. a3 Nc6 32. Ba4 Nge7 33. Nd2 b6 34. f4 gxf4 35. Kg1 Nd4 36. Kf2 Nef5 37. Bd1 Ng3 38. b4 axb4 39. axb4 f5 40. bxc5 bxc5 41. Ba5 Ra8 42. Bc7 Nh1+ 43. Ke1 Ne6 44. Be5 Ng3 45. Bf3 Ra2 46. Bd5 Ke7 47. Bf3 Nd4 48. Bxf4 Ra1+ 49. Bd1 Ne4 50. Nxe4 fxe4 51. Kd2 Ra3 52. Bg4 Rd3+ 53. Ke1 e3 54. Be2 Ra3 55. Bd1 Ra1 56. Bg5+ Ke6 57. Bxe3 Nc2+ 0-1

[Event "1st Capablanca Memorial 2017"]
[Site "Heraklion"]
[Date "2017.04.21"]
[Round "5"]
[White "Balokas, Dimitrios"]
[Black "Langrock, Hannes"]
[Result "1/2-1/2"]
[ECO "A14"]
[WhiteElo "2184"]
[BlackElo "2387"]
[Annotator "RC"]
[PlyCount "48"]
[EventDate "2017.??.??"]
[EventType "tourn"]
[EventCountry "GRE"]
[SourceTitle "playchess.com"]
[Source "ChessBase"]
[SourceQuality "1"]
[TimeControl "40/5400+30:1800+30"]

1. Nf3 e6 2. g3 d5 3. Bg2 Nf6 4. O-O Be7 5. c4 O-O 6. b3 c5 7. Bb2 Nc6 8. e3 b6 9. Qe2 Ba6 10. d3 Qd7 11. Rd1 Rfd8 12. Nbd2 Rac8 13. Rac1 h6 14. Nf1 Qc7 15. Ba1 Rd7 16. Qb2 dxc4 17. dxc4 Rcd8 18. Rxd7 Qxd7 19. Rc2 Qd1 20. Rc1 Qd3 21. Rc3 Qh7 22. Rc2 Nb4 23. Rd2 Rxd2 24. Qxd2 Nd3 1/2-1/2

[Event "1st Capablanca Memorial 2017"]
[Site "Heraklion"]
[Date "2017.04.21"]
[Round "6"]
[White "Langrock, Hannes"]
[Black "Anagnostopoulos, Konstantinos"]
[Result "1-0"]
[ECO "D45"]
[WhiteElo "2387"]
[BlackElo "2201"]
[Annotator "ChessBase"]
[PlyCount "37"]
[EventDate "2017.??.??"]
[EventType "tourn"]
[EventCountry "GRE"]
[SourceTitle "playchess.com"]
[Source "ChessBase"]
[SourceQuality "1"]
[TimeControl "40/5400+30:1800+30"]

1. d4 d5 2. c4 c6 3. Nf3 Nf6 4. Nc3 a6 5. e3 e6 6. b3 Bb4 7. Bd2 Nbd7 8. Bd3 Qe7 9. O-O e5 10. dxe5 Nxe5 11. Nxe5 Qxe5 12. Nxd5 Nxd5 13. cxd5 Bxd2 14. Qxd2 Qxd5 15. Rfd1 O-O 16. Qb4 Qh5 17. Qe7 Rb8 18. Bxh7+ Kxh7 19. Qxf8 1-0

[Event "1st Capablanca Memorial 2017"]
[Site "Heraklion"]
[Date "2017.04.21"]
[Round "6"]
[White "Tsakiris, Haralambos"]
[Black "Vuelban, Virgilio"]
[Result "1-0"]
[ECO "B06"]
[WhiteElo "2250"]
[BlackElo "2257"]
[Annotator "ChessBase"]
[PlyCount "43"]
[EventDate "2017.??.??"]
[EventType "tourn"]
[EventCountry "GRE"]
[SourceTitle "playchess.com"]
[Source "ChessBase"]
[SourceQuality "1"]
[TimeControl "40/5400+30:1800+30"]

1. d4 d6 2. e4 g6 3. Nc3 Bg7 4. f4 a6 5. Nf3 b5 6. Bd3 Bb7 7. a4 b4 8. Ne2 Nd7 9. O-O c5 10. c3 cxd4 11. cxd4 Ngf6 12. Ng3 O-O 13. a5 e5 14. fxe5 dxe5 15. d5 Nc5 16. Be3 Nfd7 17. Bc4 Qc7 18. d6 Qc6 19. Rc1 h6 20. Nh4 Qa4 21. Qg4 g5 22. Nhf5 1-0

[Event "1st Capablanca Memorial 2017"]
[Site "Heraklion"]
[Date "2017.04.21"]
[Round "6"]
[White "Vanheirzeele, Daniel"]
[Black "Balokas, Dimitrios"]
[Result "1/2-1/2"]
[ECO "E01"]
[WhiteElo "2146"]
[BlackElo "2184"]
[Annotator "NA"]
[PlyCount "35"]
[EventDate "2017.??.??"]
[EventType "tourn"]
[EventCountry "GRE"]
[SourceTitle "playchess.com"]
[Source "ChessBase"]
[SourceQuality "1"]
[TimeControl "40/5400+30:1800+30"]

1. d4 Nf6 2. Nf3 e6 3. g3 c5 4. Bg2 cxd4 5. Nxd4 d5 6. c4 e5 7. Nf3 d4 8. O-O Nc6 9. e3 Be7 10. exd4 exd4 11. Bf4 O-O 12. Ne5 Qb6 13. Re1 Nxe5 14. Bxe5 d3 15. Qb3 Bc5 16. Qxb6 axb6 17. Bxf6 gxf6 18. Nc3 1/2-1/2

[Event "1st Capablanca Memorial 2017"]
[Site "Heraklion"]
[Date "2017.04.21"]
[Round "6"]
[White "Triantos, Konstantinos"]
[Black "Hristodoulou, Panagiotis"]
[Result "1/2-1/2"]
[ECO "C02"]
[WhiteElo "2051"]
[BlackElo "2278"]
[Annotator "ChessBase"]
[PlyCount "84"]
[EventDate "2017.??.??"]
[EventType "tourn"]
[EventCountry "GRE"]
[SourceTitle "playchess.com"]
[Source "ChessBase"]
[SourceQuality "1"]
[TimeControl "40/5400+30:1800+30"]

1. e4 e6 2. d4 d5 3. e5 c5 4. c3 Qb6 5. Nf3 Nc6 6. a3 Bd7 7. b4 cxd4 8. cxd4 Rc8 9. Bb2 Nh6 10. Nc3 Na5 11. Na4 Qc6 12. Nc5 Nc4 13. Bc1 b6 14. Nxd7 Qxd7 15. Bd3 f5 16. exf6 gxf6 17. Qe2 Bg7 18. O-O O-O 19. Re1 Rfe8 20. Nh4 Qf7 21. Bf4 Kh8 22. Qf3 f5 23. Bxc4 Rxc4 24. Rad1 Ng4 25. h3 Nf6 26. Qe3 Ne4 27. Nf3 Rc3 28. Rd3 Rec8 29. Ne5 Qh5 30. f3 Rxd3 31. Nxd3 Rc3 32. fxe4 fxe4 33. Qf2 Rxd3 34. Be5 Qf5 35. Qh4 Bxe5 36. Qd8+ Kg7 37. dxe5 Qxe5 38. Rf1 Rf3 39. Qe7+ Kg6 40. gxf3 Qg3+ 41. Kh1 Qxh3+ 42. Kg1 Qg3+ 1/2-1/2

[Event "1st Capablanca Memorial 2017"]
[Site "Heraklion"]
[Date "2017.04.22"]
[Round "7"]
[White "Hristodoulou, Panagiotis"]
[Black "Langrock, Hannes"]
[Result "1/2-1/2"]
[ECO "C12"]
[WhiteElo "2278"]
[BlackElo "2387"]
[Annotator "NA RC"]
[PlyCount "26"]
[EventDate "2017.??.??"]
[EventType "tourn"]
[EventCountry "GRE"]
[SourceTitle "playchess.com"]
[Source "ChessBase"]
[SourceQuality "1"]
[TimeControl "40/5400+30:1800+30"]

1. e4 e6 2. d4 d5 3. Nc3 Nf6 4. Bg5 Bb4 5. e5 h6 6. Bc1 Ne4 7. Qg4 g6 8. a3 Bxc3+ {[%emt 0:01:14] LiveBook: 5 Games} 9. bxc3 c5 10. Bd3 h5 11. Qf4 g5 12. Qe3 $14 Nxc3 13. dxc5 Na4 1/2-1/2

[Event "1st Capablanca Memorial 2017"]
[Site "Heraklion"]
[Date "2017.04.22"]
[Round "7"]
[White "Vuelban, Virgilio"]
[Black "Taylor, Adam C"]
[Result "0-1"]
[ECO "A31"]
[WhiteElo "2257"]
[BlackElo "2231"]
[Annotator "ChessBase"]
[PlyCount "86"]
[EventDate "2017.??.??"]
[EventType "tourn"]
[EventCountry "GRE"]
[SourceTitle "playchess.com"]
[Source "ChessBase"]
[SourceQuality "1"]
[TimeControl "40/5400+30:1800+30"]

1. d4 Nf6 2. c4 c5 3. Nf3 cxd4 4. Nxd4 e5 5. Nb5 d5 6. cxd5 Bc5 7. e3 O-O 8. N5c3 e4 9. Be2 Nbd7 10. a3 a5 11. Nd2 Re8 12. Qc2 Qe7 13. d6 Bxd6 14. Nb5 Bb8 15. Nc7 Bxc7 16. Qxc7 Nc5 17. Qg3 Nd3+ 18. Bxd3 Nh5 19. Bxe4 Nxg3 20. hxg3 h6 21. Bf3 Be6 22. O-O Rac8 23. Nb1 Qf6 24. Nc3 Red8 25. e4 b5 26. Bf4 b4 27. e5 Qe7 28. Ne4 Rc2 29. axb4 Qxb4 30. Rfd1 Rxd1+ 31. Rxd1 Rxb2 32. Rd8+ Kh7 33. Nd6 Qb6 34. Be4+ Bf5 35. Nxf5 Qxd8 36. Nxh6+ g6 37. Nxf7 Qd1+ 38. Kh2 Qh5+ 39. Kg1 Qd1+ 40. Kh2 Kg7 41. e6 Qh5+ 42. Kg1 Re2 43. g4 Re1# 0-1

[Event "1st Capablanca Memorial 2017"]
[Site "Heraklion"]
[Date "2017.04.22"]
[Round "7"]
[White "Anagnostopoulos, Konstantinos"]
[Black "Vanheirzeele, Daniel"]
[Result "1-0"]
[ECO "E43"]
[WhiteElo "2201"]
[BlackElo "2146"]
[Annotator "NA"]
[PlyCount "47"]
[EventDate "2017.??.??"]
[EventType "tourn"]
[EventCountry "GRE"]
[SourceTitle "playchess.com"]
[Source "ChessBase"]
[SourceQuality "1"]
[TimeControl "40/5400+30:1800+30"]

1. d4 Nf6 2. c4 e6 3. Nc3 Bb4 4. e3 b6 5. Bd3 Bb7 6. Nge2 Bxg2 7. Rg1 Be4 8. a3 Bxd3 9. Qxd3 Bf8 {[%emt 0:00:05] E43: Nimzo-Indian: Rubinstein: 4...b6} 10. e4 d6 {[%emt 0:01:22] LiveBook: 5 Games} 11. f4 (11. Bg5 Nbd7 12. O-O-O h6 13. Qh3 Rg8 14. Be3 e5 15. f4 Qe7 16. Nb5 O-O-O 17. Nxa7+ Kb7 18. Nb5 exf4 19. Nxf4 Qxe4 20. Nc3 Qc6 21. d5 {1-0 (21) Werle,J (2591)-Schebler,G (2453) Antwerp 2008}) 11... e5 12. dxe5 $146 (12. Be3 Nbd7 13. O-O-O exd4 14. Bxd4 Nc5 15. Bxc5 bxc5 16. e5 Nd7 17. Qe4 dxe5 18. Rxd7 Kxd7 {1-0 (35) Harakis,A (2159)-Ferretti,F (2287) Rome 2004}) 12... dxe5 13. Qxd8+ Kxd8 14. fxe5 Nfd7 15. e6 fxe6 16. Nd4 Kc8 17. Nxe6 Bd6 18. Rxg7 Bxh2 (18... Be5 $11 {remains equal.} 19. Rf7 Re8) 19. Bf4 Bxf4 20. Nxf4 Rf8 $2 {[%emt 0:05:08] [#]} (20... Ne5 $14) 21. Nfd5 $1 Na6 22. b4 c6 23. Ne7+ $18 ({And not} 23. Rxh7 cxd5 24. cxd5 Nc7 $15) 23... Kc7 24. b5 1-0

[Event "1st Capablanca Memorial 2017"]
[Site "Heraklion"]
[Date "2017.04.24"]
[Round "8"]
[White "Tsakiris, Haralambos"]
[Black "Anagnostopoulos, Konstantinos"]
[Result "1-0"]
[ECO "E61"]
[WhiteElo "2250"]
[BlackElo "2201"]
[Annotator "ChessBase"]
[PlyCount "47"]
[EventDate "2017.??.??"]
[EventType "tourn"]
[EventCountry "GRE"]
[SourceTitle "playchess.com"]
[Source "ChessBase"]
[SourceQuality "1"]
[TimeControl "40/5400+30:1800+30"]

1. d4 Nf6 2. c4 d6 3. Nf3 g6 4. Nc3 Bf5 5. g3 Ne4 6. Bd2 Bg7 7. Bg2 c5 8. e3 Nc6 9. O-O O-O 10. d5 Nxc3 11. Bxc3 Bxc3 12. bxc3 Na5 13. Qe2 Qd7 14. Nd2 Qa4 15. e4 Bc8 16. f4 b6 17. Rf2 Ba6 18. Bf1 Qc2 19. Qe3 Qa4 20. Qd3 Rac8 21. h4 b5 22. h5 Nxc4 23. Nxc4 Qxc4 24. Qc2 1-0

[Event "1st Capablanca Memorial 2017"]
[Site "Heraklion"]
[Date "2017.04.24"]
[Round "8"]
[White "Vanheirzeele, Daniel"]
[Black "Hristodoulou, Panagiotis"]
[Result "0-1"]
[ECO "E04"]
[WhiteElo "2146"]
[BlackElo "2278"]
[Annotator "ChessBase"]
[PlyCount "106"]
[EventDate "2017.??.??"]
[EventType "tourn"]
[EventCountry "GRE"]
[SourceTitle "playchess.com"]
[Source "ChessBase"]
[SourceQuality "1"]
[TimeControl "40/5400+30:1800+30"]

1. d4 d5 2. c4 e6 3. Nf3 Nf6 4. g3 dxc4 5. Bg2 Bd7 6. Ne5 Bc6 7. Nxc6 Nxc6 8. O-O Qd7 9. e3 Rd8 10. Qa4 Nb4 11. Qxd7+ Rxd7 12. Na3 c5 13. dxc5 Bxc5 14. Nxc4 Nd3 15. Bd2 Nxb2 16. Nxb2 Rxd2 17. Na4 Bd6 18. Rfd1 Rxd1+ 19. Rxd1 Ke7 20. Bxb7 Rb8 21. Bf3 g5 22. h3 h5 23. Nc3 g4 24. hxg4 hxg4 25. Bg2 Rb2 26. Rb1 Rxb1+ 27. Nxb1 Bb4 28. Kf1 Kd6 29. Ke2 Kc5 30. f3 Kc4 31. fxg4 Nxg4 32. Be4 f5 33. Bc2 Kd5 34. Nd2 Bxd2 35. Kxd2 Ke5 36. Ke2 Nf6 37. Kf3 Nd5 38. a3 a5 39. e4 fxe4+ 40. Bxe4 Nc3 41. Bc6 Kd4 42. g4 e5 43. g5 e4+ 44. Bxe4 Nxe4 45. g6 Ng5+ 46. Kg4 Ne6 47. Kf5 Kd5 48. Kf6 a4 49. Kf7 Ng5+ 50. Kf6 Ne4+ 51. Ke7 Ng3 52. Kf7 Nh5 53. Ke7 Kc4 0-1